 Dungeon Crawl Stone Soup version 0.21.0-3-g78d12a8 (webtiles) character file.

42991 Gaball the Thaumaturge (level 14, -4/99 HPs)
             Began as a Formicid Summoner on Jan 12, 2018.
             Was the Champion of Hepliaklqana.
             Slain by a redback (20 damage)
             ... on level 1 of the Spider Nest.
             The game lasted 02:06:33 (22624 turns).

Gaball the Thaumaturge (Formicid Summoner)         Turns: 22624, Time: 02:06:34

Health: -4/99      AC: 14    Str: 13    XL:     14   Next: 58%
Magic:  40/40      EV: 17    Int: 20    God:    Hepliaklqana [******]
Gold:   851        SH:  0    Dex: 11    Spells: 13/39 levels left

rFire    . . .     SeeInvis +   A - +2 halberd (freeze) (curse)
rCold    . . .     Gourm    .   L - +0 shield {AC+3}
rNeg     . . .     Faith    .   a - +1 troll leather armour {Snorg}
rPois    .         Spirit   .   (helmet unavailable)
rElec    .         Reflect  .   T - +1 cloak
rCorr    .         Harm     .   U - +1 pair of gloves
MR       +....                  (no boots)
Stlth    +.........             m - amulet of regeneration
HPRegen  1.06/turn              h - ring of magical power
MPRegen  0.27/turn              Y - +5 ring of evasion

@: confused, lethally poisoned (-4 -> -12)
A: permanent stasis, dig shafts and tunnels, four strong arms, reduced essence,
antennae 3
a: Dig, Shaft Self, Recall Ancestor, Ancestor Identity, Transference, Idealise,
Renounce Religion


You were on level 1 of the Spider Nest.
You worshipped Hepliaklqana.
Hepliaklqana was exalted by your worship.
You were not hungry.

You visited 5 branches of the dungeon, and saw 22 of its levels.

You collected 1773 gold pieces.
You spent 922 gold pieces at shops.

Inventory:

Hand Weapons
 A - a cursed +2 halberd of freezing (weapon)
 O - a +2 trident of protection
Missiles
 u - 2 throwing nets (quivered)
Armour
 a - a +1 troll leather armour (worn) {Snorg}
 L - a +0 shield of protection (worn)
 T - a +1 cloak (worn)
 U - a +1 pair of gloves (worn)
Jewellery
 h - a ring of magical power (left hand)
 m - an amulet of regeneration (around neck)
 v - an uncursed ring of resist corrosion
 x - a +2 ring of dexterity
 y - a +6 ring of evasion
 K - an uncursed ring of magical power
 X - a cursed amulet of rage
 Y - a +5 ring of evasion (right hand)
Wands
 B - a wand of enslavement (24)
 E - a wand of acid (24)
 F - a wand of digging (17)
 N - a wand of random effects (16)
 P - a wand of iceblast (13)
 R - a wand of clouds (7)
 V - a wand of scattershot (4)
 Z - a wand of paralysis (2)
Scrolls
 d - 9 scrolls of teleportation
 f - 4 scrolls of magic mapping
 g - 5 scrolls of remove curse
 i - 2 scrolls of fog
 n - 2 scrolls of amnesia
 o - 5 scrolls of enchant armour {unknown}
 p - 3 scrolls of noise {unknown}
 r - 3 scrolls of identify
 t - a scroll of random uselessness {unknown}
 w - a scroll of immolation {unknown}
 J - 2 scrolls of silence
Potions
 j - 7 potions of curing
 l - a potion of lignification
 q - a potion of flight
 z - a potion of haste {unknown}
 D - a potion of ambrosia
 G - a potion of resistance {unknown}
 M - a potion of brilliance {unknown}
 Q - a potion of mutation {unknown}
 W - 4 potions of cancellation {unknown}
Books
 b - a book of Dreams

   Spells                             Type                      Level
   a - Ensorcelled Hibernation        Hexes/Ice                    2
   b - Borgnjor's Vile Clutch         Necromancy/Earth             5
   c - Silence                        Hexes/Air                    5
   d - Darkness                       Hexes                        6
   e - Shadow Creatures               Summoning                    6
 e - Zegaehui's Papyrus of Summoning
   (You bought it in a shop on level 2 of the Orcish Mines)

   Spells                             Type                      Level
   a - Call Imp                       Summoning                    2
   b - Call Canine Familiar           Summoning                    3
   c - Summon Ice Beast               Ice/Summoning                4
   d - Aura of Abjuration             Summoning                    5
   e - Summon Forest                  Summoning/Translocation      5
Comestibles
 c - 35 rations
 k - 2 chunks of flesh


   Skills:
 + Level 10.0 Fighting
 + Level 10.7 Polearms
 + Level 7.8 Armour
 + Level 3.0 Dodging
 - Level 2.4 Stealth
 - Level 10.8 Shields
 - Level 0.4 Unarmed Combat
 + Level 13.4 Spellcasting
 + Level 7.6 Summonings
 - Level 4.0 Air Magic
 - Level 4.6 Poison Magic


You had 13 spell levels left.
You knew the following spells:

 Your Spells              Type           Power        Failure   Level  Hunger
a - Summon Small Mammal   Summ           ####         1%          1    None
b - Call Imp              Summ           #####...     1%          2    None
c - Summon Lightning Spi  Summ/Air       #####...     5%          4    None
d - Mephitic Cloud        Conj/Pois/Air  ###.....     5%          3    None
e - Shadow Creatures      Summ           N/A          36%         6    #####..
f - Aura of Abjuration    Summ           #####.....   7%          5    ####...
g - Summon Forest         Summ/Tloc      ####......   34%         5    ####...


Dungeon Overview and Level Annotations

Branches:
Dungeon (12/15)            Temple (1/1) D:7            Lair (6/6) D:10
 Shoals (0/4) Lair:2       Spider (1/4) Lair:4        Slime (0/5) Lair:6
    Orc (2/2) D:9             Elf (0/3) Orc:2

Altars:
Ashenzari
Cheibriados
Dithmenos
Elyvilon
Fedhas
Gozag
Hepliaklqana
Kikubaaqudgha
Makhleb
Nemelex Xobeh
Okawaru
Qazlal
Ru
Sif Muna
Trog
Uskayaw
Vehumet
Wu Jian
Xom
Yredelemnul
Zin
The Shining One

Shops:
D:8 }   D:9 ?   Orc:1 *   Orc:2 (%=:

Annotations:
D:8 2 transporters
Lair:5 exclusion: ice statue


Innate Abilities, Weirdness & Mutations

You cannot be hasted, slowed, berserked, paralysed or teleported.
You can dig through walls and to a lower floor.
Your four strong arms can wield two-handed weapons with a shield.
You have a pair of large antennae on your head. (SInv)
Your life essence is reduced to manifest your ancestor. (-10% HP)


Message History

The redback completely misses you.
The redback bites Cuahtemoc but does no damage.
You feel sick.
The jumping spider leaps!
The tarantella completely misses you. The redback completely misses you.
The tarantella completely misses you. The tarantella closely misses you.
The moth of wrath bites you but does no damage.
Cuahtemoc hits the redback but does no damage.
Cuahtemoc blocks the redback's attack.
The tarantella bites you! The redback bites you!
* * * LOW HITPOINT WARNING * * *
The tarantella bites you but does no damage.
The tarantella closely misses you.
In your confused state, you trip and fall back down the stairs.
* * * LOW HITPOINT WARNING * * *
You feel very sick. The redback misses you.
The moth of wrath closely misses you.
The redback closely misses Cuahtemoc.
The tarantella bites you but does no damage. x2
Cuahtemoc closely misses the redback.
The redback bites you!!
You die...

...# .> ... .#
... ..# ### ..
##..# .... #.
.... .
.....#.#..##...
....s>ssĀ§......
#.^.s@.......
.....$ysR......
....ss#..s..###
.....[#..#.....
##... #..#^....
[.... .$.# ....
.... #... ...
..## #... ...


You could see the friendly Cuahtemoc the knight, a moth of wrath, an orb spider,
2 jumping spiders, 3 tarantellas and 2 redbacks.

Vanquished Creatures
  Snorg (Lair:5)
  Erica (D:11)
  A queen ant (Lair:2)
  3 death yaks
  An unseen horror (D:11)
  An ugly thing (D:12)
  A wolf spider (Lair:4)
  3 elephants (Lair:6)
  A black mamba (Lair:3)
  A torpor snail (Lair:3)
  6 spiny frogs
  2 komodo dragons
  A queen bee (Lair:1)
  A polar bear (Lair:5)
  6 blink frogs
  5 hippogriffs
  2 slime creatures
  6 redbacks (Lair:4)
  A tarantella (Lair:4)
  2 wyverns
  11 yaks
  2 basilisks
  A hungry ghost (D:11)
  A vampire mosquito (D:11)
  2 soldier ants (Lair:2)
  3 water moccasins
  4 porcupines
  5 orc warriors
  2 wolves
  An ogre (Orc:1)
  A centaur (D:5)
  A necrophage (D:12)
  4 crocodiles (Lair:6)
  11 bullfrogs
  A gnoll sergeant (D:9)
  5 killer bees
  2 howler monkeys (D:10)
  2 crimson imps
  A bullfrog zombie (D:11)
  2 orc priests (Orc:2)
  A jelly (D:10)
  12 orc wizards
  6 worker ants
  An iguana (D:12)
  A hell rat (D:10)
  A hound skeleton (D:8)
  An adder (D:11)
  A howler monkey skeleton (D:7)
  An ooze (D:3)
  An adder skeleton (D:7)
  An adder simulacrum (D:9)
  2 leopard geckos (D:11)
  9 orcs
  A giant cockroach (D:2)
  5 kobolds
  2 quokkas
  8 bats
  A frilled lizard (D:3)
  A leopard gecko skeleton (D:9)
  3 rats
  2 plants (Lair:6)
169 creatures vanquished.

Vanquished Creatures (collateral kills)
  The ghost of Fingolfin the Protected, a journeyman HOFi of Beogh (D:12)
  4 hydras
  An ice dragon (Lair:5)
  4 two-headed ogres
  5 death yaks
  A tengu warrior (D:11)
  An orc high priest (Orc:2)
  An orc knight (Orc:1)
  A lindwurm (Lair:6)
  4 orc sorcerers (Orc:2)
  3 elephants (Lair:6)
  2 black mambas
  A gargoyle (D:11)
  4 spiny frogs
  5 komodo dragons
  5 trolls
  A jumping spider (Lair:4)
  2 hornets
  A polar bear (Lair:4)
  Prince Ribbit (D:7)
  9 dream sheep
  3 hippogriffs
  12 blink frogs
  4 redbacks (Lair:4)
  A vampire (D:11)
  3 wyverns
  A tarantella (Lair:4)
  12 yaks
  4 vampire mosquitoes (D:12)
  Grum (D:11)
  2 steam dragons
  A hungry ghost (D:11)
  An acid dragon (D:11)
  6 soldier ants
  6 water moccasins
  Duvessa (D:7)
  2 porcupines
  15 orc warriors
  7 ice beasts
  2 necrophages (D:9)
  3 sky beasts
  3 phantoms
  4 black bears
  5 ogres
  8 wolves
  3 centaurs
  7 crocodiles
  A big kobold (D:8)
  13 bullfrogs
  Dowan (D:7)
  2 wyvern zombies (D:12)
  7 scorpions
  12 killer bees
  3 wights (D:6)
  3 howler monkeys
  4 crimson imps
  2 lava snakes (D:9)
  4 jellies
  A bullfrog zombie (D:5)
  4 hounds
  23 orc wizards
  13 orc priests
  2 bullfrog skeletons
  6 iguanas
  23 worker ants
  A worker ant zombie (D:5)
  7 gnolls (D:5)
  A river rat (D:10)
  12 adders
  4 shadow imps
  3 white imps (Lair:5)
  2 oozes
  A worm (D:3)
  2 dart slugs
  5 leopard geckos
  61 orcs
  6 bats
  3 giant cockroaches
  6 hobgoblins
  5 jackals
  5 kobolds
  2 quokkas
  3 ball pythons
  2 frilled lizards (D:1)
  A goblin (D:2)
  5 rats
  A fungus (Lair:3)
  3 plants
439 creatures vanquished.

Vanquished Creatures (others)
  A killer bee (Lair:1)
  18 knights
  9 ancestors
  A white imp (Lair:5)
  A bush (Lair:5)
  15 fungi
  9 plants
54 creatures vanquished.

Grand Total: 662 creatures vanquished

Notes
Turn   | Place    | Note
-------+----------+-------------------------------------------
     0 | D:1      | Gaball the Formicid Summoner began the quest for the Orb.
     0 | D:1      | Reached XP level 1. HP: 13/13 MP: 3/3
   604 | D:1      | Reached XP level 2. HP: 16/19 MP: 1/5
   735 | D:1      | Learned a level 2 spell: Call Imp
  1446 | D:2      | Reached XP level 3. HP: 15/24 MP: 7/7
  1471 | D:2      | Reached skill level 3 in Spellcasting
  1790 | D:2      | Found a shattered altar of Ashenzari.
  2309 | D:3      | Reached XP level 4. HP: 28/30 MP: 8/8
  2315 | D:3      | Learned a level 4 spell: Summon Lightning Spire
  3550 | D:4      | Reached skill level 5 in Summonings
  3550 | D:4      | Reached XP level 5. HP: 24/35 MP: 8/10
  3764 | D:4      | Reached skill level 4 in Spellcasting
  4356 | D:5      | Entered Level 5 of the Dungeon
  4411 | D:5      | Reached XP level 6. HP: 41/41 MP: 1/12
  5061 | D:5      | Reached skill level 5 in Spellcasting
  5396 | D:5      | Reached XP level 7. HP: 15/46 MP: 0/14
  6638 | D:6      | Reached skill level 6 in Spellcasting
  6866 | D:6      | Reached XP level 8. HP: 52/52 MP: 14/17
  6887 | D:6      | Reached skill level 1 in Air Magic
  7033 | D:6      | Reached skill level 1 in Fighting
  7498 | D:7      | Found a staircase to the Ecumenical Temple.
  7504 | Temple   | Entered the Ecumenical Temple
  7572 | Temple   | Became a worshipper of Hepliaklqana the Forgotten
  7607 | D:7      | Found a glowing golden altar of the Shining One.
  7702 | D:7      | Noticed Duvessa
  7733 | D:7      | Killed Duvessa
  8000 | D:7      | Reached skill level 7 in Spellcasting
  8057 | D:7      | Noticed a hornet
  8074 | D:7      | Killed a hornet
  8074 | D:7      | Reached XP level 9. HP: 57/57 MP: 0/19
  8226 | D:7      | Noticed Prince Ribbit
  8241 | D:7      | Killed Prince Ribbit
  8442 | D:7      | Noticed Dowan
  8448 | D:7      | Killed Dowan
  8587 | D:8      | Found a transporter.
  8593 | D:8      | Noticed a two-headed ogre
  8603 | D:8      | Noticed a slime creature
  8643 | D:8      | Noticed a two-headed ogre
  9058 | D:8      | Reached * piety under Hepliaklqana
  9067 | D:8      | Found a transporter.
  9120 | D:8      | Killed a two-headed ogre
  9120 | D:8      | Reached skill level 5 in Fighting
  9120 | D:8      | Reached skill level 8 in Spellcasting
  9328 | D:8      | Found a glowing golden altar of the Shining One.
  9336 | D:8      | Found Zuoth's Gadget Shop.
  9718 | D:9      | Reached XP level 10. HP: 69/69 MP: 22/22
  9723 | D:9      | Learned a level 3 spell: Mephitic Cloud
  9748 | D:9      | Reached skill level 1 in Poison Magic
  9757 | D:9      | Reached skill level 9 in Spellcasting
  9920 | D:9      | Noticed a two-headed ogre
  9933 | D:9      | Killed a two-headed ogre
  9958 | D:9      | Found a staircase to the Orcish Mines.
 10154 | D:9      | Found Fem Obesch's Magic Scroll Shop.
 10541 | D:10     | Entered Level 10 of the Dungeon
 10598 | D:10     | Noticed a death yak
 10602 | D:10     | Noticed a death yak
 10602 | D:10     | Noticed a death yak
 10656 | D:10     | Killed a death yak
 10656 | D:10     | Reached skill level 10 in Spellcasting
 10833 | D:10     | Killed a death yak
 10905 | D:10     | Killed a death yak
 10905 | D:10     | Reached XP level 11. HP: 80/80 MP: 5/25
 11037 | D:10     | Found a staircase to the Lair.
 11121 | D:10     | Reached ** piety under Hepliaklqana
 11122 | D:10     | Remembered your ancestor Cuahtemoc as a knight
 11763 | D:11     | Noticed Grum
 11789 | D:11     | Killed Grum
 11928 | D:11     | Reached skill level 1 in Armour
 12160 | D:11     | Noticed an unseen horror
 12179 | D:11     | Killed an unseen horror
 12179 | D:11     | Reached skill level 5 in Armour
 12208 | D:11     | Noticed a tengu warrior
 12265 | D:11     | Killed a tengu warrior
 12424 | D:11     | Reached skill level 1 in Shields
 12608 | D:11     | Noticed Erica
 12655 | D:11     | Killed Erica
 13119 | D:12     | Noticed a cyan ugly thing
 13280 | D:12     | Noticed Fingolfin's ghost (journeyman HOFi)
 13338 | D:12     | Killed Fingolfin's ghost
 13338 | D:12     | Reached skill level 5 in Shields
 13527 | D:12     | Killed a white ugly thing
 13527 | D:12     | Reached XP level 12. HP: 68/86 MP: 15/26
 13576 | D:12     | Noticed a two-headed ogre
 13592 | D:12     | Killed a two-headed ogre
 13789 | Lair:1   | Entered Level 1 of the Lair of Beasts
 13789 | Lair:1   | Reached *** piety under Hepliaklqana
 13909 | Lair:1   | Reached skill level 1 in Polearms
 14817 | Lair:2   | Found a staircase to the Shoals.
 14822 | Lair:2   | Reached **** piety under Hepliaklqana
 14904 | Lair:2   | Noticed a four-headed hydra
 15136 | Lair:2   | Killed a five-headed hydra
 15432 | Lair:2   | Noticed a queen ant
 15457 | Lair:2   | Killed a queen ant
 15477 | Lair:2   | Reached skill level 10 in Shields
 15490 | Lair:1   | Reached skill level 5 in Polearms
 15967 | Lair:3   | Reached XP level 13. HP: 88/90 MP: 15/27
 16537 | Lair:4   | Reached skill level 11 in Spellcasting
 16902 | Lair:4   | Identified the Catalogue of Cankerous Transmigration
 17329 | Lair:4   | Reached ***** piety under Hepliaklqana
 17406 | Lair:4   | Found a hole to the Spider Nest.
 17631 | Lair:5   | Reached skill level 12 in Spellcasting
 17722 | Lair:5   | Noticed an eight-headed hydra
 17745 | Lair:5   | Killed an eight-headed hydra
 17813 | Lair:5   | Noticed an ice dragon
 17887 | Lair:5   | Killed an ice dragon
 18031 | Lair:5   | Noticed Snorg
 18205 | Lair:5   | Killed Snorg
 18845 | Lair:6   | Entered Level 6 of the Lair of Beasts
 18879 | Lair:6   | Found a staircase to the Slime Pits.
 19105 | Lair:6   | Reached XP level 14. HP: 93/97 MP: 30/30
 19207 | Lair:6   | Reached skill level 10 in Polearms
 19318 | Lair:6   | Reached skill level 13 in Spellcasting
 19398 | Lair:6   | Learned a level 6 spell: Shadow Creatures
 20314 | Orc:1    | Entered Level 1 of the Orcish Mines
 20314 | Orc:1    | Found Goox Xishre's Assorted Antiques.
 20863 | Orc:2    | Entered Level 2 of the Orcish Mines
 20910 | Orc:2    | Found a staircase to the Elven Halls.
 20915 | Orc:2    | Reached ****** piety under Hepliaklqana
 21774 | Orc:2    | Found Wawnioty's Book Emporium.
 21774 | Orc:2    | Found Ecoann's Jewellery Emporium.
 21776 | Orc:2    | Found Lagailuc's Antique Weapon Shoppe.
 21779 | Orc:2    | Found Xotunu's Food Shoppe.
 21830 | Orc:2    | Bought Zegaehui's Papyrus of Summoning for 922 gold pieces
 21840 | Orc:2    | Learned a level 5 spell: Aura of Abjuration
 21846 | Orc:2    | Learned a level 5 spell: Summon Forest
 22311 | Spider:1 | Entered Level 1 of the Spider Nest
 22410 | Lair:4   | Reached skill level 10 in Fighting
 22624 | Spider:1 | Slain by a redback

Skill      XL: |  1  2  3  4  5  6  7  8  9 10 11 12 13 14 |
---------------+-------------------------------------------+-----
Spellcasting   | 3 4 5 6 7 8 10 12 13 | 13.4
Summonings     | 5 6 7 |  7.6
Air Magic      | 3 4 |  4.0
Fighting       | 3 6 9 10 | 10.0
Poison Magic   | 4 |  4.6
Armour         | 7 |  7.8
Shields        | 6 10 | 10.8
Polearms       | 6 9 10 | 10.7
Dodging        | 3 |  3.0
Stealth        | |  2.4
Unarmed Combat | |  0.4

Action                   |  1- 3 |  4- 6 |  7- 9 | 10-12 | 13-15 || total
-------------------------+-------+-------+-------+-------+-------++-------
Melee: Unarmed           |    83 |    76 |     4 |       |       ||   163
       Halberd           |       |       |    68 |   328 |   358 ||   754
 Cast: Summon Small Mamm |    59 |    89 |    82 |    18 |     4 ||   252
       Call Imp          |    19 |    83 |   117 |   195 |   201 ||   615
       Summon Lightning  |       |       |    44 |    84 |   108 ||   236
       Mephitic Cloud    |       |       |       |     3 |     6 ||     9
Invok: Ancestor Identity |       |       |     1 |       |       ||     1
       Ancestor Life: Kn |       |       |       |     1 |       ||     1
       Recall Ancestor   |       |       |       |       |     1 ||     1
Evoke: Wand              |       |       |       |       |     1 ||     1
  Use: Potion            |     3 |     6 |       |     2 |    12 ||    23
       Scroll            |     1 |       |    11 |     1 |    10 ||    23
 Stab: Sleeping          |     1 |       |       |     6 |       ||     7
       Distracted        |       |     1 |     2 |     5 |     7 ||    15
       Confused          |       |       |       |     1 |       ||     1
  Eat: Chunk             |     2 |     9 |    11 |    25 |    17 ||    64
       Ration            |     1 |     1 |     3 |       |     2 ||     7
Armor: Robe              |    41 |    45 |     5 |     2 |       ||    93
       Troll leather arm |       |       |       |    83 |    58 ||   141
       Skin              |       |       |       |       |   102 ||   102
Dodge: Dodged            |   144 |   116 |    47 |   136 |   164 ||   607
Block: Buckler           |       |       |       |    23 |       ||    23
       Shield            |       |       |       |    99 |   173 ||   272
